 Dungeon Crawl Stone Soup version 0.30.0-10-gfe55d96785 (webtiles) character file.

Game seed: 9955343471983919155

71 GigaChad the Firebug (level 4, -2/21 HPs)
             Began as a Vine Stalker Fire Elementalist on May 15, 2023.
             Killed by divine providence
             ... invoked by an orc priest
              (13 damage)
             ... on level 3 of the Dungeon.
             The game lasted 00:07:53 (2207 turns).

GigaChad the Firebug (VSFE)                         Turns: 2207, Time: 00:07:54

Health: -2/21      AC:  2    Str: 11    XL:     4   Next: 24%
Magic:  0/9        EV: 12    Int: 17    God:
Gold:   114        SH:  0    Dex: 14    Spells: 8/9 levels left

rFire   . . .        (no weapon)
rCold   . . .        (no shield)
rNeg    . . .        a - +0 robe
rPois   +            (no helmet)
rElec   .            (no cloak)
rCorr   .            (no gloves)
SInv    .            (no boots)
Will    .....        i - amulet of magic regeneration
Stlth   ++           k - ring of poison resistance
HPRegen 1.03/turn    (no ring)
MPRegen 0.51/turn

%: guardian spirit
@: very slightly contaminated
A: fangs 2, regeneration 1, magic shield, antimagic bite, no potion heal 2
a: no special abilities


You were on level 3 of the Dungeon.
You visited 1 branch of the dungeon, and saw 3 of its levels.

You collected 114 gold pieces.

Inventory:

Armour
 a - a +0 robe (worn)
Jewellery
 i - an amulet of magic regeneration (around neck)
 k - a ring of poison resistance (left hand)
 q - a ring of ice
Scrolls
 g - a scroll of identify
 j - a scroll of noise
 l - a scroll of teleportation
 m - a scroll of enchant armour {unknown}
 n - a scroll of fog {unknown}
 p - a scroll of vulnerability {unknown}
 r - a scroll of magic mapping {unknown}
 s - a scroll of immolation {unknown}
Potions
 b - a potion of magic
 c - a potion of degeneration {unknown}
 d - 2 potions of heal wounds {unknown}
 e - 2 potions of resistance {unknown}
 f - a potion of lignification {unknown}
 h - 4 potions of brilliance {unknown}
 o - a potion of cancellation {unknown}
 t - a potion of flight {unknown}


   Skills:
 * Level 0.7 Fighting
 * Level 0.5 Armour
 + Level 1.7 Dodging
 + Level 2.4 Stealth
 * Level 3.1 Spellcasting
 - Level 1.0 Conjurations
 * Level 3.9 Fire Magic


You had 8 spell levels left.
You knew the following spells:

 Your Spells              Type           Power      Damage    Failure   Level
a - Foxfire               Conj/Fire      44%        2x1d6     6%          1

Your spell library contained the following spells:

 Spells                   Type           Power      Damage    Failure   Level
 Scorch                   Fire           32%        2d6       5%          2
 Inner Flame              Hex/Fire       9%         N/A       22%         3
 Volatile Blastmotes      Fire/Tloc      18%        2d11      22%         3
 Flame Wave               Conj/Fire      11%        2d6       52%         4


Dungeon Overview and Level Annotations

Branches:
Dungeon (3/15)

Altars:


Innate Abilities, Weirdness & Mutations

You have extremely sharp teeth.
Your natural rate of healing is unusually fast.
When hurt, damage is shared between your health and your magic reserves.
Your bite disrupts and absorbs the magic of your enemies.
Potions cannot restore your health.


Message History

The orc shouts!
You hear a shout!
A frilled lizard comes into view.
You conjure some foxfire!
The foxfire hits the orc priest.
The orc priest is lightly wounded.
The foxfire hits the orc priest.
The orc priest is lightly wounded.
The orc priest barely misses you.
Your foxfire dissipates!
The foxfire hits the orc priest.
The orc priest is moderately wounded.
You miscast Foxfire.
You are very lightly contaminated with residual magic.
Nothing appears to happen.
The orc priest casts a cantrip, but nothing happens.
The orc attacks as you move away! The orc misses you.
The orc priest attacks as you move away!
The orc priest hits you with a +0 dagger.
You conjure some foxfire!
The orc priest invokes the aid of Beogh against you.
Beogh smites you!
The foxfire hits the orc.
The orc is heavily wounded.
The orc priest attacks as you move away!
The orc priest hits you with a +0 dagger.
The foxfire hits the orc.
You kill the orc!
An orc comes into view. It is wielding a +0 short sword.
You conjure some foxfire!
The orc shouts!
The orc priest invokes the aid of Beogh against you.
Pain shoots through your body!
The orc priest attacks as you move away!
The orc priest hits you with a +0 dagger.
The foxfire hits the orc priest.
The orc priest is heavily wounded.
The foxfire hits the orc priest but does no damage.
The orc priest is heavily wounded.
The orc priest invokes the aid of Beogh against you.
Beogh smites you!
Ouch! That really hurt!
You die...

### .. ..
#.#### ...
#....# ....
#....# ....
#....# ...#ยง@#
..##.#.o#
..o....o#
..##.#).#
..##.#..#
.....#l.#
......><#
...............
..##.#.......##


You could see an orc priest, an orc and a frilled lizard.

Vanquished Creatures
  Jessica (D:2)
  An adder (D:2)
  2 worms (D:2)
  An orc (D:3)
  2 endoplasms (D:2)
  3 goblins
  4 hobgoblins (D:2)
  2 quokkas
  5 ball pythons
  3 bats (D:2)
  A frilled lizard (D:2)
  A kobold (D:2)
  4 rats
30 creatures vanquished.

Vanquished Creatures (others)
  99 foxfires
99 creatures vanquished.

Grand Total: 129 creatures vanquished

Notes
Turn   | Place    | Note
-------+----------+-------------------------------------------
     0 | D:1      | GigaChad the Vine Stalker Fire Elementalist began the quest
                  | for the Orb.
     0 | D:1      | Reached XP level 1. HP: 9/9 MP: 4/4
   390 | D:1      | Reached XP level 2. HP: 13/13 MP: 3/6
   742 | D:1      | You fall into a shaft and drop 1 floor!
   982 | D:2      | Found a faded altar of an unknown god.
  1299 | D:2      | Reached XP level 3. HP: 14/16 MP: 7/7
  1384 | D:2      | Noticed Jessica
  1396 | D:2      | Killed Jessica
  1397 | D:2      | Gained mutation: Your natural rate of healing is unusually
                  | fast. [Vine Stalker growth]
  1397 | D:2      | Reached XP level 4. HP: 20/21 MP: 4/9
  2207 | D:3      | Killed from afar by an orc priest

Illustrated notes

Levels and vault maps discovered:
D:1:      lightli_arrival_flooded_house, layout_basic, kennysheep_minor_cross
D:2:      layout_basic, serial_co_window_serial, co_window_corner_a,
          co_window_corner_a, co_window_paths_b, co_window_corner_a,
          co_window_corner_a, co_window_corner_a, co_window_corner_a,
          co_window_paths_a, co_window_corner_a, co_window_of_opportunity_c,
          co_window_of_opportunity_c, co_window_unsneaky_path_a,
          co_window_corner_b, co_window_paths_d, glass_columns_b,
          glass_columns_c, glass_columns_a, glass_columns_a,
          shapermc_ecumenical_altar_flowoftime, uniq_jessica
D:3:      minmay_inner_zag, layout_basic, uniq_crazy_yiuf_cottage, uniq_sigmund,
          uniq_grinder

Skill      XL: |  1  2  3 |
---------------+----------+-----
Spellcasting   | 3 |  3.1
Fighting       | |  0.7
Armour         | |  0.5
Dodging        | |  1.7
Stealth        | |  2.4
Conjurations   | |  1.0
Fire Magic     | |  3.9

Action                     |  1- 3 |  4- 6 || total
---------------------------+-------+-------++-------
  Melee: Unarmed           |    16 |     1 ||    17
         Bite              |     7 |     1 ||     8
   Cast: Foxfire           |    61 |    16 ||    77
    Use: Scroll            |     2 |       ||     2
 Armour: Robe              |     2 |     1 ||     3
  Dodge: Dodged            |    28 |     6 ||    34
